 Dungeon Crawl Stone Soup version 0.31-a0-1589-g8f5e8aebd6 (webtiles) character file.

Game seed: 12203490725868502310

27822 wildpjah the Carver (level 13, 0/184 HPs)
             Began as a Hill Orc Fighter on Jan 6, 2024.
             Was an Elder of Beogh.
             Slain by an orc knight
             ... wielding a +0 battleaxe
              (20 damage)
             ... on level 2 of the Orcish Mines.
             The game lasted 00:36:55 (13298 turns).

wildpjah the Carver (Hill Orc Fighter)             Turns: 13298, Time: 00:36:55

Health: 0/184      AC: 18    Str: 26    XL:     13   Next: 34%
Magic:  16/19      EV: 12    Int: 14    God:    Beogh [****..]
Gold:   784        SH:  6    Dex: 14    Spells: 12/12 levels left

rFire   + + .        l - +5 long sword "Dragon's Death" {spect, Str+3}
rCold   . . .        c - +0 buckler
rNeg    . . .        O - +3 scale mail {rF+}
rPois   .            K - +0 hat
rElec   .            P - scarf {repulsion}
rCorr   .            w - +0 pair of gloves {Str+3}
SInv    .            H - +0 pair of boots
Will    .....        (no amulet) Stlth
                     D - +4 ring of protection
HPRegen 0.50/turn    N - +6 ring of intelligence
MPRegen 0.16/turn

%: repel missiles
@: berserking, about to teleport, studying Fighting, very quick
A: hooves 1, deterioration 1, fire resistance 1
a: Renounce Religion, Smiting, Recall Orcish Followers


You were on level 2 of the Orcish Mines.
You worshipped Beogh.
Beogh was greatly pleased with you.
You visited 4 branches of the dungeon, and saw 14 of its levels.
You also visited: Bailey.

You collected 1222 gold pieces.
You spent 438 gold pieces at shops.

Inventory:

Hand Weapons
 a - a +0 long sword
 l - the +5 long sword "Dragon's Death" (weapon) {spect, Str+3}
   (You found it on level 2 of the Dungeon)

   Str+3:     It affects your strength (+3).
 n - the +6 spear "Nodeosk" {heavy, ^Drain Will+ Str+2 Int+2}
   (You found it on level 3 of the Dungeon)

   Str+2:     It affects your strength (+2).
   Int+2:     It affects your intelligence (+2).
   Will+:     It increases your willpower.
   ^Drain:    It drains your maximum health when unequipped.
 y - a +3 triple sword of electrocution
 B - a +2 short sword of electrocution
 F - a +0 whip of flaming
 G - a +2 whip of pain
Missiles
 q - 20 poisoned darts
 J - 4 javelins
Armour
 b - a +0 scale mail
 c - a +0 buckler (worn)
 w - a +0 pair of gloves of strength (worn)
 H - a +0 pair of boots (worn)
 K - a +0 hat (worn)
 L - a +0 cloak
 O - a +3 scale mail of fire resistance (worn)
 P - a scarf of repulsion (worn)
Jewellery
 h - a ring of fire
 C - a ring of fire
 D - a +4 ring of protection (left hand)
 N - a +6 ring of intelligence (right hand)
Wands
 m - a wand of mindburst (14)
 u - a wand of flame (14)
Scrolls
 f - 5 scrolls of revelation {unknown}
 i - 4 scrolls of teleportation
 o - 2 scrolls of fog {unknown}
 r - a scroll of summoning {unknown}
 s - 3 scrolls of amnesia {unknown}
 v - 2 scrolls of enchant armour {unknown}
 x - a scroll of noise
Potions
 d - a potion of enlightenment
 e - a potion of curing
 g - a potion of lignification
 j - 3 potions of heal wounds
 k - a potion of cancellation
 p - 4 potions of mutation
 t - 2 potions of attraction
 z - 3 potions of might
 E - 2 potions of degeneration {unknown}
 M - a potion of invisibility {unknown}


   Skills:
 + Level 13.7 Fighting
 + Level 13.7 Long Blades
 + Level 1.1 Throwing
 + Level 10.7 Armour
 + Level 5.4 Dodging
 + Level 4.5 Stealth
 + Level 8.5 Shields
 * Level 8.9 Invocations
 + Level 4.6 Evocations


You had 12 spell levels left.
You didn't know any spells.
Your spell library contained the following spells:

 Spells                   Type           Power      Damage    Failure   Level
 Freeze                   Ice            0%         1d3       54%         1
 Kiss of Death            Conj/Necr      0%         2d5       54%         1
 Magic Dart               Conj           0%         1d3       54%         1
 Sandblast                Erth           0%         2d4       54%         1
 Sting                    Conj/Alch      0%         1d3       54%         1
 Blink                    Tloc           0%         N/A       69%         2
 Call Imp                 Summ           0%         N/A       69%         2
 Mercury Vapours          Alch/Air       0%         N/A       69%         2
 Sublimation of Blood     Necr           0%         N/A       69%         2
 Confusing Touch          Hex            0%         N/A       89%         3
 Frozen Ramparts          Ice            0%         1d1       89%         3
 Fugue of the Fallen      Necr           0%         N/A       89%         3
 Hailstorm                Conj/Ice       0%         3d5       89%         3
 Inner Flame              Hex/Fire       0%         N/A       89%         3
 Ozocubu's Armour         Ice            0%         N/A       89%         3
 Passwall                 Erth           0%         N/A       89%         3
 Stone Arrow              Conj/Erth      0%         3d7       89%         3
 Volatile Blastmotes      Fire/Tloc      0%         2d10      89%         3
 Brom's Barrelling Bould  Conj/Erth      0%         2d3       100%        4
 Dispel Undead            Necr           0%         3d6       100%        4
 Flame Wave               Conj/Fire      0%         2d4       100%        4
 Fulminant Prism          Conj/Alch      0%         3d5       100%        4
 Iskenderun's Mystic Bla  Conj/Tloc      0%         2d3       100%        4
 Manifold Assault         Tloc           0%         N/A       100%        4
 Olgreb's Toxic Radiance  Alch           0%         N/A       100%        4
 Petrify                  Alch/Erth      0%         N/A       100%        4
 Sticky Flame             Fire/Alch      0%         2d4       100%        4
 Irradiate                Conj/Alch      0%         3d11      100%        5


Dungeon Overview and Level Annotations

Branches:
Dungeon (10/15)            Temple (1/1) D:7            Lair (1/5) D:8
    Orc (2/2) D:10         Bailey (visited)
    Elf: Orc:2

Altars:
Ashenzari
Cheibriados
Dithmenos
Elyvilon
Fedhas
Gozag
Hepliaklqana
Kikubaaqudgha
Makhleb
Nemelex Xobeh
Okawaru
Qazlal
Ru
Sif Muna
Trog
Uskayaw
Vehumet
Wu Jian
Xom
Yredelemnul
Zin
The Shining One
Beogh

Shops:
D:3 [*!   D:5 [   D:10 ([   Orc:1 ?


Innate Abilities, Weirdness & Mutations

You have large cloven feet.
Your body sometimes deteriorates upon taking damage.
Your flesh is heat resistant. (rF+)


Message History

Your orc warrior hits the orc warrior with a +0 scimitar.
The orc knight barely misses you. The orc warrior closely misses you.
An orc warrior comes into view. It is wielding a +0 dire flail.
The orc warrior relaxes its fighting stance and smiles at you.
It asks, "Are you our saviour?"
Unknown command.
Unknown command.
Unknown command.
It was a potion of berserk rage.
A red film seems to cover your vision as you go berserk!
You feel yourself moving faster!
You feel mighty!
The orc high priest hits you from afar with a +2 heavy glaive!!
* * * LOW HITPOINT WARNING * * *
You block the orc knight's attack.
The orc knight hits your orc warrior with a +0 battleaxe!!
Your orc warrior dies!
The hellwing misses you. The hellwing barely misses you.
The orc warrior hits your orc with a +0 flail!!
Your orc dies!
The orc knight barely misses you. The orc warrior barely misses you.
You hit the orc knight but do no damage.
The orc knight is lightly wounded.
Your +5 long sword "Dragon's Death" {spect, Str+3} hits the orc knight!
Unknown command.
You slash the orc knight!
The orc knight is heavily wounded.
Your +5 long sword "Dragon's Death" {spect, Str+3} hits the orc knight!!
The orc knight hits your orc warrior with a +0 battleaxe!!
The orc knight hits you with a +0 battleaxe!
* * * LOW HITPOINT WARNING * * *
The orc high priest mumbles some strange prayers to Beogh.
The hellwing misses you. x2; The orc barely misses you.
Your orc priest mumbles some strange prayers to Beogh against the orc warrior.
The orc warrior is smitten.
The orc warrior dies!
Beogh accepts your kill.
Your orc priest looks more experienced.
The orc knight hits you with a +0 battleaxe!!
You die...
Beogh appreciates the orc knight's killing of a heretic priest.

#..#...#.
##o.......
#...#...#.
##.o.)))...
#....#)))#.
#4oo(......
#3o3o#...#.
#4@o)oo....
#.o)o#.).#.
##.....)...
#...#...#o
##........
#..#...#.
##.......
##...##
....


You could see 2 orc knights, a soul eater (summoned), an orc high priest
(strong, ally target), a sun demon (summoned), a hellwing (summoned, expiring),
a red devil (summoned), an orc warrior (strong), 2 orcs, 2 friendly orc
warriors, a friendly +5 long sword "Dragon's Death" {spect, Str+3}, a friendly
orc priest and 2 friendly orcs.

Vanquished Creatures
  2 centaur warriors (D:10)
  5 boulder beetles
  5 two-headed ogres
  4 death yaks
  An orc knight (Bailey)
  A deep elf pyromancer (D:10)
  A cyclops (D:9)
  A manticore (D:10)
  A black mamba (Lair:1)
  3 komodo dragons
  A tengu conjurer (D:10)
  An unseen horror (D:10)
  A troll (D:10)
  2 polar bears (D:8)
  A hornet (D:8)
  Prince Ribbit (D:7)
  3 wyverns
  A basilisk (Lair:1)
  16 yaks
  Eustachio (D:6)
  2 unseen horror simulacra (D:8)
  A warg (Orc:1)
  A vampire mosquito (D:10)
  3 water moccasins
  A sky beast (D:7)
  11 orc warriors
  A black bear (D:7)
  3 ice beasts
  4 ogres (Orc:1)
  4 wolves
  A laughing skull (D:10)
  2 centaurs
  3 phantoms
  A kobold brigand (D:9)
  4 bullfrogs
  Blork the orc (D:6)
  2 scorpions
  A hornet simulacrum (D:8)
  18 killer bees
  2 howler monkeys (D:8)
  An electric eel (D:8)
  3 jellies
  6 bombardier beetles
  10 orc priests
  3 hounds
  4 gnoll boudas
  9 orc wizards
  An iguana (D:7)
  A centaur simulacrum (D:8)
  A killer bee simulacrum (D:8)
  16 gnolls
  2 adders (D:6)
  A shadow imp (D:7)
  A howler monkey simulacrum (D:8)
  7 white imps (D:8)
  4 ufetubi
  A dart slug (D:5)
  2 ribbon worms (D:3)
  30 orcs
  5 ball pythons
  6 endoplasms
  4 giant cockroaches
  6 goblins
  4 hobgoblins
  3 jackals (D:4)
  8 kobolds
  2 quokkas
  6 bats
  A frilled lizard (D:3)
  5 rats
271 creatures vanquished.

Vanquished Creatures (collateral kills)
  An orc knight (Orc:1)
  A cyclops (D:10)
  A yak (D:10)
  5 orc warriors
  A kobold brigand (D:10)
  3 killer bees (D:9)
  3 orc priests (Orc:2)
  3 orc wizards
  2 gnolls (D:10)
  8 orcs
  2 kobolds (D:10)
30 creatures vanquished.

Vanquished Creatures (others)
  3 orc wizards
  8 orc warriors
  8 orc priests
  26 orcs
  3 spectral weapons
48 creatures vanquished.

Grand Total: 349 creatures vanquished

Notes
Turn   | Place    | Note
-------+----------+-------------------------------------------
     0 | D:1      | wildpjah the Hill Orc Fighter began the quest for the Orb.
     0 | D:1      | Reached XP level 1. HP: 19/19 MP: 1/1
   166 | D:1      | Reached XP level 2. HP: 27/27 MP: 2/2
   808 | D:2      | Identified the +5 long sword "Dragon's Death" {spect,
                  | Str+3}
   830 | D:2      | Reached XP level 3. HP: 33/33 MP: 3/3
   916 | D:2      | You fall into a shaft and drop 1 floor!
   916 | D:3      | Found Baur's General Store.
   930 | D:3      | Identified the +6 spear "Nodeosk" {heavy, ^Drain Will+
                  | Str+2 Int+2}
  1015 | D:3      | Reached XP level 4. HP: 40/40 MP: 4/4
  1120 | D:3      | Found a blossoming altar of Fedhas.
  1183 | D:3      | Found Oklal's Distillery.
  1445 | D:3      | Found Penuott's Antique Armour Boutique.
  1685 | D:4      | Reached XP level 5. HP: 41/47 MP: 5/5
  2101 | D:4      | Reached skill level 1 in Dodging
  2161 | D:4      | Reached XP level 6. HP: 52/53 MP: 6/6
  2458 | D:5      | Entered Level 5 of the Dungeon
  2553 | D:5      | Reached skill level 5 in Long Blades
  2825 | D:5      | Found Faipeuh's Armour Boutique.
  2833 | D:5      | Bought a +0 pair of gloves of strength for 138 gold pieces
  2854 | D:5      | Became a worshipper of Beogh the Brigand
  2864 | D:5      | Reached skill level 5 in Fighting
  3132 | D:6      | Noticed Eustachio
  3138 | D:6      | Killed Eustachio
  3139 | D:6      | Reached skill level 1 in Stealth
  3139 | D:6      | Reached XP level 7. HP: 47/61 MP: 7/7
  3286 | D:6      | Noticed Blork the orc
  3300 | D:6      | Killed Blork the orc
  3301 | D:6      | Reached skill level 5 in Armour
  3548 | D:6      | Found a basalt altar of Yredelemnul.
  3713 | D:6      | Reached XP level 8. HP: 58/68 MP: 8/8
  3781 | D:6      | Reached * piety under Beogh
  3884 | D:6      | Found a bloodstained altar of Trog.
  4313 | D:6      | Found a glowing golden altar of the Shining One.
  4315 | D:6      | Noticed an angel
  4364 | D:7      | Noticed Prince Ribbit
  4373 | D:7      | Killed Prince Ribbit
  4401 | D:7      | Found an opulent altar of Gozag.
  4532 | D:7      | Found a hazy altar of Hepliaklqana.
  4543 | D:7      | Reached XP level 9. HP: 75/75 MP: 9/9
  4966 | D:7      | Reached ** piety under Beogh
  5029 | D:7      | Found a flagged portal.
  5047 | Bailey   | Entered a bailey
  5187 | Bailey   | Reached skill level 5 in Shields
  5481 | Bailey   | Noticed an orc knight
  5492 | Bailey   | Killed an orc knight
  5801 | D:7      | Found a glowing silver altar of Zin.
  5946 | D:7      | Found a staircase to the Ecumenical Temple.
  5953 | Temple   | Entered the Ecumenical Temple
  5977 | D:8      | Noticed a death yak
  5977 | D:8      | Noticed a death yak
  5977 | D:8      | Found a staircase to the Lair.
  5978 | D:8      | Noticed a death yak
  6185 | D:8      | Noticed a death yak
  6202 | D:8      | Killed a death yak
  6203 | D:8      | Reached skill level 10 in Long Blades
  6203 | D:8      | Reached skill level 1 in Evocations
  6203 | D:8      | Reached XP level 10. HP: 30/88 MP: 10/10
  6435 | D:7      | Killed a death yak
  6510 | D:8      | Killed a death yak
  6704 | D:8      | Paralysed by a hornet for 1 turns
  6710 | D:8      | Reached skill level 10 in Fighting
  6710 | D:8      | Reached XP level 11. HP: 43/101 MP: 10/14
  6940 | D:8      | Killed a death yak
  7198 | D:8      | Reached skill level 5 in Invocations
  7552 | D:8      | Noticed a two-headed ogre
  7777 | D:7      | Reached *** piety under Beogh
  7783 | D:7      | Killed a two-headed ogre
  7914 | D:8      | Reached XP level 12. HP: 108/110 MP: 16/16
  8395 | D:8      | Found a roughly hewn altar of Beogh.
  8687 | D:9      | Found a faded altar of an unknown god.
  9024 | D:9      | Reached **** piety under Beogh
  9280 | D:9      | Noticed a two-headed ogre
  9288 | D:9      | Killed a two-headed ogre
  9473 | D:10     | Entered Level 10 of the Dungeon
  9506 | D:10     | Reached skill level 5 in Dodging
  9655 | D:10     | Noticed a centaur warrior
  9655 | D:10     | Noticed a boulder beetle
  9655 | D:10     | Noticed a boulder beetle
  9689 | D:10     | Reached skill level 10 in Armour
  9763 | Lair:1   | Entered Level 1 of the Lair of Beasts
  9932 | Lair:1   | Reached skill level 1 in Throwing
 10517 | Lair:1   | Noticed a boulder beetle
 10538 | Lair:1   | Killed a boulder beetle
 11085 | D:3      | Bought a glowing scale mail for 140 gold pieces
 11085 | D:3      | Bought a runed scarf for 160 gold pieces
 11254 | D:10     | Noticed a boulder beetle
 11268 | D:10     | Noticed a centaur warrior
 11279 | D:10     | Killed a centaur warrior
 11284 | D:10     | Killed a boulder beetle
 11330 | D:10     | Killed a boulder beetle
 11379 | D:10     | Found Yfuoniw's Weapon Emporium.
 11379 | D:10     | Found a staircase to the Orcish Mines.
 11379 | D:10     | Found Femmull's Armour Emporium.
 11424 | D:10     | Reached XP level 13. HP: 71/122 MP: 19/19
 12442 | Orc:1    | Entered Level 1 of the Orcish Mines
 13151 | Orc:1    | Found Umuechelosch's Magic Scroll Boutique.
 13275 | Orc:2    | Entered Level 2 of the Orcish Mines
 13294 | Orc:2    | Gained mutation: Your body sometimes deteriorates upon
                  | taking damage. [potion of mutation]
 13294 | Orc:2    | Gained mutation: Your flesh is heat resistant. (rF+)
                  | [potion of mutation]
 13294 | Orc:2    | Gained mutation: You have large cloven feet. [potion of
                  | mutation]
 13298 | Orc:2    | Slain by an orc knight

Illustrated notes

Levels and vault maps discovered:
D:1:      dpeg_arrival_short_road, layout_basic, chequers_serial_rivers_small_3,
          corexii_leaking_fountain, serial_bayou_ford_a
D:2:      layout_loops_ring
D:3:      layout_basic, mainiacjoe_overflow_concentric_impassable, serial_shops,
          shop, nicolae_lakefront_shop, shop, st_stairs_8
D:4:      layout_loops_ring
D:5:      layout_gridville, serial_shops,
          nicolae_shop_temple_entry_statues_fountains
D:6:      layout_loops_ring, trog_three_pillars_becter,
          grunt_temple_overflow_holy_war, portal_sewer_entry_d, uniq_eustachio,
          uniq_blork_the_orc
D:7:      layout_rooms, zin_treasury,
          nicolae_gozag_cash_rules_everything_around_me,
          nicolae_overflow_hidden_temple, minmay_temple_entry_enclosed_plants,
          enter_bailey_6, grunt_ministairs_6, uniq_prince_ribbit1
D:8:      layout_rooms, dpeg_lair_monsters, serial_ice, serial_ice_k,
          serial_ice_c, serial_ice_h, serial_ice_n, serial_ice_f, serial_ice_a,
          serial_ice_g, david_defended_altar_orc
D:9:      layout_cave_pools, serial_column_ruins, column_ruins_temple_circle,
          column_ruins_corridor_T, column_ruins_open_tiny,
          column_ruins_open_small, column_ruins_columns_straight,
          column_ruins_corridor_straight, column_ruins_grid_3,
          roderic_serpentine_path, kennysheep_just_a_vault
D:10:     layout_long_grid, orc_david_3, minivault_28
Temple:   regret_index_temple_generic_petals
Lair:1:   layout_misc_corridors, nzn_sisyphean_effort
Orc:1:    minmay_goldmine, layout_diamond_mine, serial_shops,
          nicolae_shop_rolled_up
Orc:2:    st_orc_pillars, layout_diamond_mine, enter_volcano_3

Skill      XL: |  1  2  3  4  5  6  7  8  9 10 11 12 |
---------------+-------------------------------------+-----
Fighting       | 4 5 7 10 11 13 | 13.7
Long Blades    | 3 4 6 8 10 11 12 13 | 13.7
Armour         | 4 5 6 7 9 10 | 10.7
Dodging        | 1 3 4 5 |  5.4
Stealth        | 1 2 3 4 |  4.5
Shields        | 4 6 7 8 |  8.5
Evocations     | 1 3 4 |  4.6
Invocations    | 4 5 8 |  8.9
Throwing       | 1 |  1.1

Action                     |  1- 3 |  4- 6 |  7- 9 | 10-12 | 13-15 || total
---------------------------+-------+-------+-------+-------+-------++-------
  Melee: Long sword        |    80 |    68 |   197 |   365 |    91 ||   801
         Triple sword      |       |       |    15 |       |       ||    15
  Throw: Throwing net      |       |       |     3 |       |       ||     3
         Dart              |       |       |       |     5 |       ||     5
         Javelin           |       |       |       |     2 |       ||     2
 Invoke: Convert to Beogh  |       |     1 |       |       |       ||     1
         Smiting           |       |       |       |     1 |     3 ||     4
         Recall Orcish Fol |       |       |       |     1 |     1 ||     2
  Evoke: Wand              |       |       |     7 |    12 |     3 ||    22
    Use: Scroll            |       |     5 |       |     1 |     3 ||     9
         Potion            |       |       |     3 |     3 |     2 ||     8
   Stab: Distracted        |       |     1 |     4 |     6 |     2 ||    13
         Held in net/web   |       |       |     1 |       |       ||     1
 Armour: Scale mail        |    54 |    35 |   111 |   284 |    55 ||   539
         Skin              |       |       |    22 |       |       ||    22
  Dodge: Dodged            |    36 |    29 |    99 |   179 |    40 ||   383
         Repelled          |       |       |       |       |     1 ||     1
  Block: Buckler           |    15 |    12 |    58 |    96 |    18 ||   199

Table legend: (Time is in decaauts)
 A = Elapsed time spent in this place.
 B = Non-inter-level travel time spent in this place.
 C = Inter-level travel time spent in this place.
 D = Time resting spent in this place.
 E = Time spent auto-exploring this place.
 F = Levels seen in this place.
 G = Mean time per level.
                   A        B        C        D        E       F      G
               +--------+--------+--------+--------+--------+-----+--------+
         Total |  13289 |  12752 |    537 |    880 |   9774 |  15 |  885.9 |
       Dungeon |  10577 |  10091 |    486 |    796 |   7644 |  10 | 1057.7 |
        Temple |      3 |      3 |      0 |      0 |      0 |   1 |    3.0 |
          Lair |   1145 |   1120 |     25 |      2 |    964 |   1 | 1145.0 |
  Orcish Mines |    841 |    815 |     26 |      0 |    720 |   2 |  420.5 |
        Bailey |    720 |    720 |      0 |     82 |    446 |   1 |  720.0 |
               +--------+--------+--------+--------+--------+-----+--------+

Top non-repeatable levels by time:
     D:8: 1932 daAuts
     D:7: 1616 daAuts
     D:6: 1285 daAuts
    D:10: 1260 daAuts
     D:9: 1153 daAuts
  Lair:1: 1145 daAuts
     D:4: 909 daAuts
   Orc:1: 821 daAuts
     D:3: 799 daAuts
     D:1: 797 daAuts
  Bailey: 720 daAuts
     D:5: 677 daAuts
     D:2: 146 daAuts
   Orc:2: 20 daAuts
  Temple: 3 daAuts
